 Dungeon Crawl Stone Soup version 0.29-a0-477-g62b78b4225 (console) character file.

Game seed: 9254286942932427260

13437 Faeu the Bludgeoner (level 11, -7/127 HPs)
             Began as a Minotaur Berserker on May 25, 2022.
             Was a High Priest of Trog.
             Mangled by a komodo dragon (9 damage)
             ... on level 1 of the Lair of Beasts.
             The game lasted 00:50:12 (13331 turns).

Faeu the Bludgeoner (Minotaur Berserker)           Turns: 13331, Time: 00:50:12

Health: -7/127     AC: 14    Str: 27    XL:     11   Next: 75%
Magic:  10/10      EV: 10    Int:  4    God:    Trog [*****.]
Gold:   620        SH:  0    Dex: 15    Spells: 10/10 levels left

rFire   + . .      SeeInvis .   y - +10 dark maul {vorpal}
rCold   . . .      Faith    .   (shield currently unavailable)
rNeg    . . .      Spirit   .   R - +0 chain mail {rPois}
rPois   +          Reflect  .   (helmet restricted)
rElec   .          Harm     .   X - +1 cloak
rCorr   .          Rampage  .   H - +0 pair of gloves
Will    .....                   Z - +1 pair of boots
Stlth   ..........              (no amulet)
HPRegen 0.31/turn               K - +6 ring of dexterity
MPRegen 0.12/turn               d - ring of protection from fire

@: berserking (expiring), very quick
A: horns 2, retaliatory headbutt
a: Renounce Religion, Berserk, Trog's Hand, Brothers in Arms


You were on level 1 of the Lair of Beasts.
You worshipped Trog.
Trog was extremely pleased with you.
You visited 2 branches of the dungeon, and saw 12 of its levels.
You also visited: Sewer.

You collected 620 gold pieces.


Innate Abilities, Weirdness & Mutations

You have a pair of horns on your head.
You reflexively headbutt those who attack you in melee.


   Skills:
 - Level 4.7 Fighting
 - Level 4.8(14.5) Axes
 + Level 20.8(21.0) Maces & Flails
 - Level 4.0 Armour
 - Level 3.5 Dodging


You had 10 spell levels left.
You didn't know any spells.
Your spell library contained the following spells:

 Spells                   Type           Power      Damage    Failure   Level
 Magic Dart               Conj           0%         1d3       97%         1
 Call Imp                 Summ           0%         N/A       99%         2
 Searing Ray              Conj           0%         2d4       99%         2
 Mephitic Cloud           Conj/Pois/Air  0%         N/A       100%        3
 Fulminant Prism          Conj/Hex       0%         3d6       100%        4

Inventory:

Hand Weapons
 a - a +0 hand axe {axe}
 h - a +4 antimagic lajatang {staff}
   (Trog gifted it to you on level 10 of the Dungeon)
 y - the +10 dark maul (weapon) {vorpal}
   (You found it in a sewer)

   It inflicts extra damage upon your enemies.
 B - the +5 scythe "Finisher" {speed, eviscerate, polearm}
   (You found it on level 8 of the Dungeon)

   Attacks with this weapon are significantly faster.
   It may eviscerate those it strikes, slaying them instantly, with a decreasing
   chance against stronger foes.
 G - a +4 mace {mace}
   (You took it off a wight on level 9 of the Dungeon)
 N - a +0 vorpal hand axe {axe}
   (You found it on level 11 of the Dungeon)
Missiles
 x - 27 poisoned darts (quivered) {throwing}
Armour
 b - a +0 robe of positive energy
   (You took it off Josephine on level 10 of the Dungeon)
 v - the +9 ring mail of Circular Logic {rElec rF+ Str+4 SInv}
   (You found it on level 4 of the Dungeon)

   Str:       It affects your strength (+4).
   rF:        It protects you from fire.
   rElec:     It insulates you from electricity.
   SInv:      It lets you see invisible.
 A - a +0 leather armour
   (You took it off an orc priest on level 11 of the Dungeon)
 H - a +0 pair of gloves (worn)
   (You found it on level 10 of the Dungeon)
 L - a +0 robe
   (You took it off an orc wizard on level 11 of the Dungeon)
 R - a +0 chain mail of poison resistance (worn)
   (You found it on level 4 of the Dungeon)
 S - a +0 ring mail
   (You found it on level 11 of the Dungeon)
 T - a +0 robe
   (You took it off an orc wizard on level 11 of the Dungeon)
 V - a +0 scale mail
   (You took it off a gnoll sergeant on level 11 of the Dungeon)
 X - a +1 cloak (worn)
   (You took it off Crazy Yiuf on level 7 of the Dungeon)
 Z - a +1 pair of boots (worn)
   (You found it on level 9 of the Dungeon)
Jewellery
 d - a ring of protection from fire (right hand)
   (You took it off Psyche on level 8 of the Dungeon)
 K - a +6 ring of dexterity (left hand)
   (You found it on level 6 of the Dungeon)
Wands
 z - a wand of flame (14)
   (You found it on level 9 of the Dungeon)
 F - a wand of mindburst (13)
   (You found it on level 4 of the Dungeon)
 P - a wand of iceblast (12)
   (You found it on level 6 of the Dungeon)
Scrolls
 c - a scroll of fear {unknown}
 l - 3 scrolls of immolation {!r!r}
 m - 4 scrolls of noise {!r}
 n - 5 scrolls of teleportation {@r4}
 p - 2 scrolls of vulnerability {!r!r}
 q - 3 scrolls of enchant weapon
 r - 3 scrolls of enchant armour
 t - a scroll of poison {unknown}
 E - a scroll of blinking {unknown}
 I - a scroll of fog {unknown}
 J - a scroll of silence {unknown}
 O - a scroll of summoning {unknown}
 Q - a scroll of identify {@r1}
 U - a scroll of brand weapon {unknown}
 Y - a scroll of magic mapping {unknown}
Potions
 e - 3 potions of berserk rage {unknown}
 f - a potion of resistance {unknown}
 g - 4 potions of brilliance {unknown}
 i - 5 potions of curing {unknown}
 j - 5 potions of heal wounds {@q2}
 k - 2 potions of degeneration {unknown}
 o - 2 potions of attraction {unknown}
 s - 4 potions of haste {unknown}
 u - a potion of magic
 w - 3 potions of mutation {unknown}
 C - 3 potions of invisibility {unknown}
 D - a potion of ambrosia {unknown}
 M - 5 potions of lignification {unknown}
 W - 2 potions of might {unknown}

Dungeon Overview and Level Annotations

Branches:
Dungeon (11/15)            Temple (0/1) D:7            Lair (1/6) D:8
  Sewer (visited)
    Orc: D:9-12

Altars:
Ashenzari
Cheibriados
Dithmenos
Elyvilon
Fedhas
Gozag
Hepliaklqana
Kikubaaqudgha
Okawaru
Wu Jian
Xom
Yredelemnul

Shops:
D:4 (

Annotations:
D:3 Jessica

#............
##...........)
##.............
##..............
................
#...........$..
#.....l........
#.....<@.......
##.............
#..............
#..............
#..............
#..............
#............$..
.#..............
...............


You could see a komodo dragon.


Message History

😕 HP[+1] 😕 HP[+1]
A steam dragon comes into view.
The steam dragon hisses angrily. 😕 HP[+1]
You barely miss the steam dragon. Your headbutt misses the steam dragon.
The steam dragon bites you. The steam dragon closely misses you.
The steam dragon barely misses you.
The steam dragon claws you but does no damage. 😕 HP[-4]
You take 4 damage, and now have 65/85 hp.
You flatten the steam dragon like a pancake!!!!
You kill the steam dragon!
Trog accepts your kill. 😕 HP[+1] 😕 HP[+1] 😕 HP[+1] 😕 HP[+1]
You now have 587 gold pieces (gained 15). 😕 HP[+1]
You now have 603 gold pieces (gained 16). 😕 HP[+1] 😕 HP[+1] 😕 HP[+1] 😕 HP[+1] 😕 HP[+1]
i - 5 golden potions (gained 1) 😕 HP[+1] 😕 HP[+1] 😕 HP[+1]
You enter the shallow water.
Moving in this stuff is going to be slow. 😕 HP[+1]
You now have 620 gold pieces (gained 17). 😕 HP[+1]
You enter the shallow water.
Moving in this stuff is going to be slow. 😕 HP[+1]
There is a staircase to the Lair here. 😕 HP[+1]
You climb downwards.
Welcome to the Lair of Beasts!
The yak bellows!
The komodo dragon hisses angrily.
There is a staircase back to the Dungeon here.
A yak comes into view. 😕 HP[+1]
The yak bellows! 😕 HP[+1]
You thump the yak! Your headbutt misses the yak.
The komodo dragon bites you but does no damage.
The yak gores you but does no damage. x2; The yak closely misses you.
The komodo dragon bites you!! The yak closely misses you. 😮 HP[-22]
You take 22 damage, and now have 62/85 hp.
MASSIVE DAMAGE!! (PAUSE)
A red film seems to cover your vision as you go berserk!
You feel yourself moving faster!
You feel mighty!
The komodo dragon completely misses you.
You furiously retaliate!
You headbutt the komodo dragon! The yak gores you but does no damage.
The yak barely misses you. x2 😮 HP[+31]
You now have 127 max hp (+42).
You regained 31 hp, and now have 93/127 hp.
You closely miss the yak. The komodo dragon bites you! The yak gores you!
The yak gores you but does no damage. The yak barely misses you. 😮 HP[-16]
You take 16 damage, and now have 77/127 hp.
You closely miss the yak.
The komodo dragon bites you but does no damage.
The yak gores you. The yak barely misses you. The yak gores you! 😮 HP[-12]
You take 12 damage, and now have 65/127 hp.
You hammer the yak like a gong!!!!
You kill the yak!
Trog accepts your kill. The yak gores you but does no damage.
The komodo dragon misses you. The yak closely misses you.
The yak gores you but does no damage. The yak closely misses you.
You furiously retaliate!
You headbutt the yak!! The komodo dragon bites you!
* * * LOW HITPOINT WARNING * * *
😨 HP[-15]
You take 15 damage, and now have 50/127 hp.
You bludgeon the yak!!
You kill the yak!
Trog accepts your kill. The yak closely misses you.
The komodo dragon bites you!!
* * * LOW HITPOINT WARNING * * *
😱 HP[-23]
You take 23 damage, and now have 27/127 hp.
You feel a strong urge to attack something.
The yak closely misses you. The komodo dragon bites you!
* * * LOW HITPOINT WARNING * * *
You see here a yak corpse. 😱 HP[-13]
You take 13 damage, and now have 14/127 hp.
You beat the yak like a drum!!!!
You feel the power of Trog in you as your rage grows.
You kill the yak!
Trog accepts your kill. The komodo dragon bites you!
* * * LOW HITPOINT WARNING * * *
The komodo dragon bites you!
You die...

Skill      XL: |  1  2  3  4  5  6  7  8  9 10 11 |
---------------+----------------------------------+-----
Axes           | 4 |  4.8
Fighting       | 4 |  4.7
Armour         | 3 4 |  4.0
Dodging        | 3 |  3.5
Maces & Flails | 3 6 9 12 15 18 20 | 20.8

Action                   |  1- 3 |  4- 6 |  7- 9 | 10-12 || total
-------------------------+-------+-------+-------+-------++-------
Melee: Hand axe          |    87 |    55 |   254 |       ||   396
       Headbutt          |    17 |    14 |    55 |    60 ||   146
       Punch             |       |     1 |     3 |     5 ||     9
       Maul              |       |    64 |       |    18 ||    82
       Flail             |       |       |    37 |    83 ||   120
       Mace              |       |       |       |   192 ||   192
Invok: Berserk           |     1 |     2 |     6 |     9 ||    18
  Use: Scroll            |       |     2 |     7 |     1 ||    10
Armor: Animal skin       |    18 |       |       |       ||    18
       Chain mail        |     5 |    93 |       |     9 ||   107
       Ice dragon scales |       |    49 |     6 |       ||    55
       Ring mail         |       |       |   158 |   121 ||   279
Dodge: Dodged            |    72 |   117 |   154 |   134 ||   477

Levels and vault maps discovered:
D:1:      zelgadis_glass_arrival_small, layout_basic
D:2:      layout_basic, shapermc_ecumenical_altar_starsandcircs, basic_altar,
          serial_bayou_pond_c
D:3:      layout_basic, fedhas_altar_fruit_tree, overflow_temple_1_default,
          portal_sewer_entry_a, kennysheep_generic_room_4, uniq_jessica,
          uniq_natasha
D:4:      layout_gridville, elyvilon_altar_4, grunt_gozag_breadcrumbs,
          serial_shops, nicolae_stop_n_shop_1, hex_tiny, uniq_sigmund
D:5:      cheibrodos_iron_armory, layout_basic, st_stairs_12
D:6:      layout_basic, mainiacjoe_overflow_24_doors,
          gammafunk_temple_overflow_forgotten, okawaru_altar_gauntlet_db,
          uniq_duvessa, uniq_maggie
D:7:      layout_basic, minmay_temple_entry_purple_smoke,
          uniq_crazy_yiuf_cottage, uniq_menkaure
D:8:      layout_gridville, regret_index_temple_of_mockery,
          nicolae_overflow_hidden_temple, erik_lair_island, serial_shops, shop,
          minmay_guarded_unrand_finisher, uniq_maurice, uniq_psyche, uniq_pikel
D:9:      nicolae_cairo_tiling_large_dashed, layout_basic,
          general_overflow_altar, chequers_serial_rivers_micro_a
D:10:     minmay_angry_zag, layout_loops_corners, uniq_josephine
D:11:     layout_basic, eino_house_with_fridge
Lair:1:   layout_gridlike, wad_woods_road_04

Notes
Turn   | Place    | Note
-------+----------+-------------------------------------------
     0 | D:1      | Faeu the Minotaur Berserker began the quest for the Orb.
     0 | D:1      | Reached XP level 1. HP: 19/19 MP: 0/0
     0 | D:1      | magus.rc [v1.9.6]
   465 | D:1      | Reached XP level 2. HP: 27/27 MP: 1/1
  1126 | D:2      | Reached skill level 4 in Axes
  1127 | D:2      | Reached skill level 4 in Fighting
  1133 | D:2      | Reached skill level 3 in Armour
  1133 | D:2      | Reached XP level 3. HP: 24/33 MP: 2/2
  1135 | D:2      | Found a faded altar of an unknown god.
  1142 | D:2      | HP: 7/33 [goblin/+0 club (4)]
  1846 | D:2      | Found a shimmering altar of Xom.
  2042 | D:3      | Reached ** piety under Trog
  2064 | D:3      | Found a glowing drain.
  2076 | D:3      | Reached skill level 3 in Dodging
  2076 | D:3      | Reached XP level 4. HP: 28/40 MP: 3/3
  2663 | D:3      | Noticed Natasha
  2664 | D:3      | Noticed Jessica
  2665 | D:3      | Found a blossoming altar of Fedhas.
  2668 | D:3      | Killed Natasha
  2669 | D:3      | Reached XP level 5. HP: 43/47 MP: 4/4
  2725 | Sewer    | Entered a sewer
  2820 | Sewer    | Found the +10 dark maul {vorpal}
  3005 | Sewer    | Reached skill level 4 in Armour
  3155 | Sewer    | Reached *** piety under Trog
  3156 | Sewer    | Reached skill level 1 in Maces & Flails
  3218 | Sewer    | Reached skill level 2 in Maces & Flails
  3382 | Sewer    | Reached skill level 3 in Maces & Flails
  3382 | Sewer    | Reached XP level 6. HP: 46/53 MP: 5/5
  3473 | Sewer    | Reached skill level 4 in Maces & Flails
  3815 | D:3      | Aim: Jessica, wielding a +0 dagger of distortion and
                  | wearing a +0 robe (about 34% to evade the +10 dark maul)
  3815 | D:3      | Aim: Jessica, wielding a +0 dagger of distortion and
                  | wearing a +0 robe (about 34% to evade the +10 dark maul)
  3818 | D:3      | Noticed Natasha
  3821 | D:3      | Killed Natasha
  3822 | D:3      | Reached skill level 5 in Maces & Flails
  4018 | D:4      | Found Wul Zurry's Weapon Shop.
  4035 | D:4      | Reached **** piety under Trog
  4126 | D:4      | Reached skill level 6 in Maces & Flails
  4126 | D:4      | Reached XP level 7. HP: 60/60 MP: 6/6
  4159 | D:4      | Found an opulent altar of Gozag.
  4503 | D:4      | Found a white marble altar of Elyvilon.
  4513 | D:4      | Identified the +9 ring mail of Circular Logic {rElec rF+
                  | Str+4 SInv}
  4578 | D:4      | Reached skill level 7 in Maces & Flails
  4598 | D:4      | Noticed Sigmund
  4610 | D:4      | Killed Sigmund
  4611 | D:4      | Reached skill level 8 in Maces & Flails
  4920 | D:5      | Entered Level 5 of the Dungeon
  5166 | D:5      | Reached skill level 9 in Maces & Flails
  5166 | D:5      | Reached XP level 8. HP: 64/67 MP: 7/7
  5670 | D:5      | Reached skill level 10 in Maces & Flails
  5825 | D:6      | Noticed Duvessa
  5826 | D:6      | Noticed Dowan
  5831 | D:6      | Killed Duvessa
  5836 | D:6      | Killed Dowan
  6001 | D:6      | Reached skill level 11 in Maces & Flails
  6227 | D:6      | Found an ornate altar of the Wu Jian Council.
  6342 | D:6      | Noticed Maggie
  6367 | D:6      | Killed Maggie
  6368 | D:6      | Reached skill level 12 in Maces & Flails
  6530 | D:6      | Reached XP level 9. HP: 72/72 MP: 8/8
  6582 | D:6      | Found an ancient bone altar of Kikubaaqudgha.
  6583 | D:6      | Found a shadowy altar of Dithmenos.
  6585 | D:6      | Found a snail-covered altar of Cheibriados.
  6683 | D:6      | Found an iron altar of Okawaru.
  7112 | D:7      | Reached skill level 13 in Maces & Flails
  7125 | D:7      | Noticed Menkaure
  7327 | D:7      | Killed Menkaure
  7645 | D:7      | Reached skill level 14 in Maces & Flails
  7997 | D:7      | You pick up a book of Conjurations {forbidden@e2} and begin
                  | reading...
  7997 | D:7      | You add the spells Magic Dart, Searing Ray and Fulminant
                  | Prism to your library.
  7998 | D:7      | Found a staircase to the Ecumenical Temple.
  8276 | D:7      | Found a runed translucent door.
  8277 | D:7      | Noticed Crazy Yiuf
  8704 | D:7      | Killed Crazy Yiuf
  8776 | D:8      | Noticed Psyche
  8940 | D:8      | Noticed Maurice
  8958 | D:8      | Noticed a troll
  8959 | D:8      | Killed Maurice
  8960 | D:8      | Reached skill level 15 in Maces & Flails
  9209 | D:8      | Found a basalt altar of Yredelemnul.
  9267 | D:8      | Reached XP level 10. HP: 70/80 MP: 9/9
  9294 | D:8      | Noticed a skeletal warrior
  9294 | D:8      | Found the +5 scythe "Finisher" {speed, eviscerate}
  9310 | D:8      | HP: 30/120 [wraith (2)]
  9314 | D:8      | Killed a skeletal warrior
  9315 | D:8      | Reached skill level 16 in Maces & Flails
  9522 | D:8      | magus.rc [v1.9.6]
  9522 | D:8      | magus.rc [v1.9.6]
  9522 | D:8      | magus.rc [v1.9.6]
  9672 | D:8      | Killed Psyche
  9909 | D:8      | Found a shimmering altar of Xom.
  9910 | D:8      | Found a hazy altar of Hepliaklqana.
  9967 | D:8      | Found a staircase to the Lair.
  9992 | D:8      | Noticed Pikel
 10000 | D:8      | Killed Pikel
 10001 | D:8      | Reached skill level 17 in Maces & Flails
 10502 | D:9      | Reached ***** piety under Trog
 10646 | D:9      | Noticed a two-headed ogre
 10651 | D:9      | Killed a two-headed ogre
 10652 | D:9      | Reached skill level 18 in Maces & Flails
 10797 | D:9      | Found a broken altar of Ashenzari.
 10805 | D:9      | Noticed a two-headed ogre
 10816 | D:9      | Killed a two-headed ogre
 11213 | D:10     | Entered Level 10 of the Dungeon
 11463 | D:10     | Reached XP level 11. HP: 85/85 MP: 10/10
 11656 | D:10     | Reached skill level 19 in Maces & Flails
 12192 | D:10     | Noticed Josephine
 12204 | D:10     | Killed Josephine
 12214 | D:10     | Received a gift from Trog
 12365 | D:10     | You pick up a book of Minor Magic {forbidden} and begin
                  | reading...
 12365 | D:10     | You add the spells Call Imp and Mephitic Cloud to your
                  | library.
 12527 | D:11     | Noticed a necromancer
 12534 | D:11     | Killed a necromancer
 12535 | D:11     | Reached skill level 20 in Maces & Flails
 12733 | D:11     | Noticed a brown ugly thing
 13316 | Lair:1   | Entered Level 1 of the Lair of Beasts
 13328 | Lair:1   | HP: 27/127 [komodo dragon (24)]
 13331 | Lair:1   | HP: 2/127 [komodo dragon (13)]
 13331 | Lair:1   | Mangled by a komodo dragon

Vanquished Creatures
  Josephine (D:10)
  2 two-headed ogres (D:9)
  A skeletal warrior (D:8)
  Pikel (D:8)
  A necromancer (D:11)
  Maurice (D:8)
  A gargoyle (D:10)
  Maggie (D:6)
  Psyche (D:8)
  A troll (D:8)
  Sigmund (D:4)
  A vampire (D:10)
  6 wraiths
  15 yaks
  4 steam dragons
  4 vampire mosquitoes (D:11)
  Menkaure (D:7)
  2 acid dragons (D:10)
  Duvessa (D:6)
  2 water moccasins
  An ice beast (D:6)
  3 sky beasts
  4 black bears
  2 wolves (D:8)
  3 centaurs
  An ogre (D:4)
  2 lemures (D:8)
  5 kobold brigands
  2 bullfrogs
  2 scorpions
  A gnoll sergeant (D:11)
  5 wights (D:9)
  Dowan (D:6)
  7 killer bees
  2 electric eels (D:8)
  5 howler monkeys
  9 hounds
  2 orc priests
  Crazy Yiuf (D:7)
  A jelly (D:5)
  A gnoll shaman (D:4)
  4 iguanas
  Natasha (twice) (D:3)
  6 orc wizards
  A polar bear simulacrum (D:11)
  A wolf simulacrum (D:11)
  14 gnolls
  10 adders
  7 river rats
  2 shadow imps
  4 white imps
  An ufetubus (D:6)
  3 worms
  A dart slug (D:1)
  16 orcs
  3 endoplasms
  8 giant cockroaches
  7 hobgoblins
  3 jackals (D:2)
  35 kobolds
  2 quokkas
  12 ball pythons
  5 bats
  5 frilled lizards
  8 goblins
  23 rats
291 creatures vanquished.

Vanquished Creatures (others)
  An orc (D:6)
  7 plants (D:2)
8 creatures vanquished.

Grand Total: 299 creatures vanquished

Table legend:
 A = Non-vault XP
 B = Vault XP
 C = Vault XP percentage of total XP
 D = Non-vault monster count
 E = Vault monster count
 F = Vault count percentage of total count
                 A         B        C        D         E       F
            +---------+---------+-------+---------+---------+-------
      Total |   11343 |    8069 |  41.6 |     190 |      99 |  34.3
            +---------+---------+-------+---------+---------+-------
        D:1 |      24 |       0 |   0.0 |      14 |       0 |   0.0
        D:2 |      57 |       0 |   0.0 |      24 |       0 |   0.0
        D:3 |     114 |      68 |  37.4 |      15 |       7 |  31.8
        D:4 |     365 |     226 |  38.2 |      16 |       1 |   5.9
        D:5 |     563 |      35 |   5.9 |      13 |       1 |   7.1
        D:6 |     864 |     624 |  41.9 |      16 |       9 |  36.0
        D:7 |    1022 |     209 |  17.0 |      14 |       2 |  12.5
        D:8 |     665 |    3381 |  83.6 |      16 |      13 |  44.8
        D:9 |    2481 |       0 |   0.0 |      21 |       0 |   0.0
       D:10 |    2364 |    2488 |  51.3 |      18 |      10 |  35.7
       D:11 |    2202 |     686 |  23.8 |      20 |       3 |  13.0
     Lair:1 |     622 |       0 |   0.0 |       3 |       0 |   0.0
      Sewer |       0 |     352 | 100.0 |       0 |      53 | 100.0
            +---------+---------+-------+---------+---------+-------

Illustrated notes

Table legend:
 A = Kills in this place as a percentage of kills in entire the game.
 B = Kills by you in this place as a percentage of kills by you in the entire game.
 C = Kills by friends in this place as a percentage of kills by friends in the entire game.
 D = Other kills in this place as a percentage of other kills in the entire game.
 E = Experience gained in this place as a percentage of experience gained in the entire game.
 F = Experience gained in this place divided by the number of levels of this place that you have seen.
                   A       B       C       D       E      F
               +-------+-------+-------+-------+-------+----------------------
         Total | 100.0 | 100.0 |   N/A |   N/A | 100.0 | 1493.2
       Dungeon |  80.6 |  80.6 |   N/A |   N/A |  95.0 | 1676.2
          Lair |   1.0 |   1.0 |   N/A |   N/A |   3.2 | 622.0
         Sewer |  18.3 |  18.3 |   N/A |   N/A |   1.8 | 352.0
               +-------+-------+-------+-------+-------+----------------------

Table legend: (Time is in decaauts)
 A = Elapsed time spent in this place.
 B = Non-inter-level travel time spent in this place.
 C = Inter-level travel time spent in this place.
 D = Time resting spent in this place.
 E = Time spent auto-exploring this place.
 F = Levels seen in this place.
 G = Mean time per level.
                   A        B        C        D        E       F      G
               +--------+--------+--------+--------+--------+-----+--------+
         Total |  13544 |  13045 |    499 |   1991 |   6692 |  13 | 1041.8 |
       Dungeon |  12330 |  11831 |    499 |   1853 |   6004 |  11 | 1120.9 |
          Lair |     16 |     16 |      0 |      0 |      0 |   1 |   16.0 |
         Sewer |   1197 |   1197 |      0 |    138 |    687 |   1 | 1197.0 |
               +--------+--------+--------+--------+--------+-----+--------+

Top non-repeatable levels by time:
     D:7: 1702 daAuts
     D:8: 1521 daAuts
    D:10: 1359 daAuts
     D:6: 1343 daAuts
   Sewer: 1197 daAuts
     D:1: 1120 daAuts
     D:4: 1119 daAuts
     D:9: 1078 daAuts
     D:2: 938 daAuts
     D:5: 894 daAuts
     D:3: 712 daAuts
    D:11: 540 daAuts
  Lair:1: 16 daAuts
